 Seeded DCSS version 0.31-a0-164-g2312942fda (webtiles) character file.

Game seed: 15193961402842118363 (custom seed)

1522 SigmundSlayer the Skirmisher (level 8, -9/64 HPs)
             Began as a Gnoll Hunter on June 13, 2023.
             Was a Believer of Cheibriados.
             Mangled by a yak (13 damage)
             ... on level 6 of the Dungeon.
             The game lasted 00:03:02 (4094 turns).

SigmundSlayer the Skirmisher (Gnoll Hunter)         Turns: 4094, Time: 00:03:02

Health: -9/64      AC:  3    Str: 15    XL:     8   Next: 84%
Magic:  13/13      EV: 17    Int: 13    God:    Cheibriados [**....]
Gold:   228        SH:  0    Dex: 27    Spells: 14/14 levels left

rFire   . . .        w - -2 triple crossbow (heavy)
rCold   . . .        (shield currently unavailable)
rNeg    . . .        c - +0 leather armour
rPois   .            (no helmet)
rElec   .            (no cloak)
rCorr   .            (no gloves)
SInv    .            (no boots)
Will    +....        (no amulet)
Stlth   +++          m - +6 ring of dexterity
HPRegen 0.30/turn    e - ring of willpower
MPRegen 0.13/turn

%: no passive effects
@: very slow
A: fangs 1, strong nose, distributed training
a: Renounce Religion, Bend Time


You were on level 6 of the Dungeon.
You worshipped Cheibriados.
Cheibriados was pleased with you.
You visited 1 branch of the dungeon, and saw 6 of its levels.

You collected 229 gold pieces.
You spent 1 gold pieces at shops.

Inventory:

Hand Weapons
 w - a -2 heavy triple crossbow (weapon)
Missiles
 f - a throwing net
Armour
 c - a +0 leather armour (worn)
Jewellery
 e - a ring of willpower (right hand)
 m - a +6 ring of dexterity (left hand)
 s - an amulet of reflection
Scrolls
 b - a scroll of butterflies
 h - a scroll of amnesia {unknown}
 i - 3 scrolls of vulnerability {unknown}
 k - 4 scrolls of teleportation {unknown}
 l - 2 scrolls of fear {unknown}
 o - 2 scrolls of immolation {unknown}
 p - 9 scrolls of identify {unknown}
 r - 2 scrolls of revelation {unknown}
 u - a scroll of blinking {unknown}
 v - a scroll of noise {unknown}
Potions
 a - a potion of resistance {unknown}
 d - a potion of ambrosia {unknown}
 g - a potion of haste {unknown}
 j - a potion of invisibility {unknown}
 n - a potion of mutation {unknown}
 q - a potion of enlightenment {unknown}
 t - 3 potions of curing {unknown}
 x - a potion of might {unknown}
 z - a potion of degeneration {unknown}


   Skills:
 + Level 6.0 Fighting
 + Level 3.7 Short Blades
 + Level 3.7 Long Blades
 + Level 3.7 Axes
 + Level 3.7 Maces & Flails
 + Level 3.7 Polearms
 + Level 3.7 Staves
 + Level 9.4 Ranged Weapons
 + Level 3.7 Throwing
 + Level 3.7 Armour
 + Level 6.0 Dodging
 + Level 4.5 Stealth
 + Level 3.7 Shields
 + Level 3.7 Unarmed Combat
 + Level 3.7 Spellcasting
 + Level 3.1 Conjurations
 + Level 3.1 Hexes
 + Level 3.1 Summonings
 + Level 3.1 Necromancy
 + Level 3.1 Translocations
 + Level 3.1 Transmutations
 + Level 3.1 Fire Magic
 + Level 3.1 Ice Magic
 + Level 3.1 Air Magic
 + Level 3.1 Earth Magic
 + Level 3.1 Poison Magic
 + Level 4.1 Invocations
 + Level 3.7 Evocations


You had 14 spell levels left.
You didn't know any spells.
Your spell library contained the following spells:

 Spells                   Type           Power      Damage    Failure   Level
 Inner Flame              Hex/Fire       10%        N/A       22%         3
 Yara's Violent Unravell  Hex/Tmut       5%         3d4       90%         5
 Enfeeble                 Hex            5%         N/A       100%        7


Dungeon Overview and Level Annotations

Branches:
Dungeon (6/15)             Temple (0/1) D:4

Altars:
Cheibriados
Dithmenos
Elyvilon
Uskayaw
Vehumet

Shops:
D:4 *


Innate Abilities, Weirdness & Mutations

You have very sharp teeth.
Your uncanny sense of smell can sniff out nearby items.
Your experience applies equally to all skills.


Message History

Aim: a yak (75% to hit)
You shoot a bolt. The bolt hits the yak!!!
You kill the yak!
Cheibriados appreciates the change of pace.
The yak barely misses you. The yak misses you. The yak closely misses you.
The yak gores you! The yak gores you but does no damage. The yak misses you.
Your Conjurations skill increases to level 3!
Your Hexes skill increases to level 3!
Your Summonings skill increases to level 3!
Your Necromancy skill increases to level 3!
Your Translocations skill increases to level 3!
Your Transmutations skill increases to level 3!
Your Fire Magic skill increases to level 3!
Your Ice Magic skill increases to level 3!
Your Air Magic skill increases to level 3!
Your Earth Magic skill increases to level 3!
Your Poison Magic skill increases to level 3!
Your Invocations skill increases to level 4!
Fire: w) -2 triple crossbow (heavy)
Press: ? - help, Q - select action, (/) - cycle Shift-Dir - straight line, f - yak
Aim: a yak (75% to hit)
You shoot a bolt. The bolt hits the yak!!!
You kill the yak!
Cheibriados appreciates the change of pace.
The yak barely misses you.
The yak misses you. x2; The yak barely misses you.
The yak gores you!
* * * LOW HITPOINT WARNING * * *
The yak closely misses you.
Your Fighting skill increases to level 6!
Your Dodging skill increases to level 6!
Fire: w) -2 triple crossbow (heavy)
Press: ? - help, Q - select action, (/) - cycle Shift-Dir - straight line, f - yak
Aim: a yak (76% to hit)
You shoot a bolt. The bolt barely misses the yak.
The yak completely misses you. The yak gores you.
* * * LOW HITPOINT WARNING * * *
The yak closely misses you. The yak gores you!
* * * LOW HITPOINT WARNING * * *
The yak gores you!
You die...

#########
#.......#
#......@#
#......YY......
#........##....
#......... ##
#.......###
#..†....#
#.......#
#.......#


You could see 2 yaks.

Vanquished Creatures
  Sigmund (D:2)
  4 yaks (D:6)
  A black bear (D:4)
  A centaur (D:5)
  A kobold brigand (D:4)
  A phantom (D:5)
  3 wights (D:4)
  A jelly (D:5)
  A hound (D:5)
  2 sleepcaps
  Jessica (D:2)
  2 iguanas
  6 adders
  A shadow imp (D:5)
  An ufetubus (D:5)
  2 worms
  2 dart slugs (D:1)
  10 orcs
  6 ball pythons
  3 bats (D:1)
  2 endoplasms
  7 giant cockroaches
  10 goblins
  3 hobgoblins
  7 jackals (D:1)
  4 quokkas
  3 frilled lizards (D:1)
  3 kobolds
  7 rats
96 creatures vanquished.

Notes
Turn   | Place    | Note
-------+----------+-------------------------------------------
     0 | D:1      | SigmundSlayer the Gnoll Hunter began the quest for the Orb.
     0 | D:1      | Reached XP level 1. HP: 20/20 MP: 1/1
   100 | D:1      | Reached XP level 2. HP: 20/26 MP: 2/2
   473 | D:1      | Reached XP level 3. HP: 31/31 MP: 3/3
   710 | D:1      | Reached skill level 1 in Invocations
   882 | D:1      | Found a faded altar of an unknown god.
  1143 | D:2      | Reached skill level 1 in Short Blades
  1143 | D:2      | Reached skill level 1 in Long Blades
  1143 | D:2      | Reached skill level 1 in Axes
  1143 | D:2      | Reached skill level 1 in Maces & Flails
  1143 | D:2      | Reached skill level 1 in Polearms
  1143 | D:2      | Reached skill level 1 in Staves
  1143 | D:2      | Reached skill level 1 in Throwing
  1143 | D:2      | Reached skill level 1 in Armour
  1143 | D:2      | Reached skill level 1 in Shields
  1143 | D:2      | Reached skill level 1 in Unarmed Combat
  1143 | D:2      | Reached skill level 1 in Spellcasting
  1143 | D:2      | Reached skill level 1 in Evocations
  1183 | D:2      | Noticed Sigmund
  1245 | D:2      | Killed Sigmund
  1246 | D:2      | Reached skill level 1 in Conjurations
  1246 | D:2      | Reached skill level 1 in Hexes
  1246 | D:2      | Reached skill level 1 in Summonings
  1246 | D:2      | Reached skill level 1 in Necromancy
  1246 | D:2      | Reached skill level 1 in Translocations
  1246 | D:2      | Reached skill level 1 in Transmutations
  1246 | D:2      | Reached skill level 1 in Fire Magic
  1246 | D:2      | Reached skill level 1 in Ice Magic
  1246 | D:2      | Reached skill level 1 in Air Magic
  1246 | D:2      | Reached skill level 1 in Earth Magic
  1246 | D:2      | Reached skill level 1 in Poison Magic
  1246 | D:2      | Reached XP level 4. HP: 32/38 MP: 4/6
  1246 | D:2      | Reached XP level 5. HP: 36/43 MP: 4/7
  1293 | D:2      | Noticed Jessica
  1299 | D:2      | Killed Jessica
  1302 | D:2      | Reached XP level 6. HP: 50/50 MP: 8/8
  1340 | D:2      | Identified the +8 chain mail "Racsexev" {SInv}
  1376 | D:2      | Found a hide-covered altar of Uskayaw.
  1964 | D:3      | Found a white marble altar of Elyvilon.
  2046 | D:3      | Found a snail-covered altar of Cheibriados.
  2058 | D:3      | Became a worshipper of Cheibriados the Contemplative
  2660 | D:4      | Reached skill level 5 in Fighting
  2660 | D:4      | Reached skill level 5 in Dodging
  2744 | D:4      | Found a staircase to the Ecumenical Temple.
  2842 | D:4      | Found a shadowy altar of Dithmenos.
  2893 | D:4      | Found Ogerhoh's Lightly-Used Armoury.
  2901 | D:4      | Bought a -3 triple crossbow for 1 gold piece
  2921 | D:4      | Reached * piety under Cheibriados
  3042 | D:4      | Reached XP level 7. HP: 56/56 MP: 10/10
  3164 | D:4      | Found a radiant altar of Vehumet.
  3278 | D:4      | Reached skill level 9 in Ranged Weapons
  3369 | D:5      | Entered Level 5 of the Dungeon
  3565 | D:5      | Reached XP level 8. HP: 63/63 MP: 12/12
  4017 | D:5      | Reached ** piety under Cheibriados
  4085 | D:6      | Noticed a yak
  4085 | D:6      | Noticed a yak
  4085 | D:6      | Noticed a yak
  4085 | D:6      | Noticed a yak
  4085 | D:6      | Noticed a yak
  4085 | D:6      | Noticed a yak
  4086 | D:6      | Killed a yak
  4091 | D:6      | Killed a yak
  4092 | D:6      | Killed a yak
  4093 | D:6      | Killed a yak
  4094 | D:6      | Mangled by a yak

Illustrated notes

Levels and vault maps discovered:
D:1:      evilmike_arrival_rings, layout_loops_ring,
          dreamdust_ecumenical_altar_hidden_monk_grotto, minmay_cut_off
D:2:      layout_basic, basic_altar, uniq_sigmund, uniq_jessica
D:3:      layout_loops_corners, mainiacjoe_overflow_alcove_2,
          mainiacjoe_overflow_small_starburst
D:4:      layout_gridville, general_overflow_altar,
          nicolae_dithmenos_shadow_blocks, minmay_temple_entry_glass,
          minmay_shop_damaged
D:5:      layout_basic
D:6:      layout_rooms, mainiacjoe_overflow_six_doors_small,
          nicolae_overflow_quartered_altars

Skill      XL: |  1  2  3  4  5  6  7  8 |
---------------+-------------------------+-----
Invocations    | 1 2 3 4 |  4.1
Short Blades   | 1 2 3 |  3.7
Long Blades    | 1 2 3 |  3.7
Axes           | 1 2 3 |  3.7
Maces & Flails | 1 2 3 |  3.7
Polearms       | 1 2 3 |  3.7
Staves         | 1 2 3 |  3.7
Throwing       | 1 2 3 |  3.7
Armour         | 1 2 3 |  3.7
Shields        | 1 2 3 |  3.7
Unarmed Combat | 1 2 3 |  3.7
Spellcasting   | 1 2 3 |  3.7
Evocations     | 1 2 3 |  3.7
Conjurations   | 1 2 3 |  3.1
Hexes          | 1 2 3 |  3.1
Summonings     | 1 2 3 |  3.1
Necromancy     | 1 2 3 |  3.1
Translocations | 1 2 3 |  3.1
Transmutations | 1 2 3 |  3.1
Fire Magic     | 1 2 3 |  3.1
Ice Magic      | 1 2 3 |  3.1
Air Magic      | 1 2 3 |  3.1
Earth Magic    | 1 2 3 |  3.1
Poison Magic   | 1 2 3 |  3.1
Stealth        | 3 4 |  4.5
Fighting       | 5 6 |  6.0
Dodging        | 5 6 |  6.0
Ranged Weapons | 9 |  9.4

Action                     |  1- 3 |  4- 6 |  7- 9 || total
---------------------------+-------+-------+-------++-------
   Fire: Shortbow          |    90 |    93 |       ||   183
         Triple crossbow   |       |    11 |    40 ||    51
    Use: Potion            |     1 |       |       ||     1
         Scroll            |       |     2 |       ||     2
 Armour: Leather armour    |    10 |     3 |     7 ||    20
  Dodge: Dodged            |    54 |    14 |    53 ||   121

Table legend: (Time is in decaauts)
 A = Elapsed time spent in this place.
 B = Non-inter-level travel time spent in this place.
 C = Inter-level travel time spent in this place.
 D = Time resting spent in this place.
 E = Time spent auto-exploring this place.
 F = Levels seen in this place.
 G = Mean time per level.
                   A        B        C        D        E       F      G
               +--------+--------+--------+--------+--------+-----+--------+
         Total |   4752 |   4563 |    189 |    174 |   3791 |   6 |  792.0 |
       Dungeon |   4752 |   4563 |    189 |    174 |   3791 |   6 |  792.0 |
               +--------+--------+--------+--------+--------+-----+--------+

Top non-repeatable levels by time:
     D:1: 1013 daAuts
     D:5: 993 daAuts
     D:4: 927 daAuts
     D:3: 912 daAuts
     D:2: 891 daAuts
     D:6: 14 daAuts
